 Dungeon Crawl Stone Soup version 0.19-a0-347-g6bb00b2 (webtiles) character file.

3492 namelastname112 the Thaumaturge (level 9, -11/45 HPs)
             Began as a Deep Elf Air Elementalist on May 29, 2016.
             Was a Priest of Sif Muna.
             Shot with a bolt by an orc warrior (31 damage)
             ... in a bailey.
             The game lasted 00:15:37 (6691 turns).

namelastname112 the Thaumaturge (DEAE)              Turns: 6691, Time: 00:15:38

Health: -11/45     AC:  4    Str:  7    XL:     9   Next: 80%
Magic:  1/24       EV: 13    Int: 22    God:    Sif Muna [***...]
Gold:   54         SH:  0    Dex: 19    Spells: 4 memorised, 16 levels left

rFire  . . .     SeeInvis .     v - +3 quarterstaff (chaos)
rCold  + . .     Gourm    .     a - +0 robe
rNeg   . . .     Faith    .     (shield currently unavailable)
rPois  .         Spirit   .     (no helmet)
rElec  +         Dismiss  .     w - +1 cloak
rCorr  .         Reflect  .     (no gloves)
SustAt .         Harm     .     (no boots)
MR     .....                    A - amulet of magic regeneration
Stlth  ++........               o - +4 ring of dexterity
                                D - ring of Hony Juwk {rElec rC+ Str+2 Int-2}

@: not resistant to hostile enchantments, unstealthy
A: no striking features
a: Channel Energy, Renounce Religion


You were in a bailey.
You worshipped Sif Muna.
Sif Muna was most pleased with you.
You were hungry.

You visited 1 branch of the dungeon, and saw 7 of its levels.
You also visited: Bailey.

You collected 354 gold pieces.
You spent 300 gold pieces at shops.

Inventory:

Hand Weapons
 v - a +3 quarterstaff of chaos (weapon)
Armour
 a - a +0 robe (worn)
 k - a +0 buckler
 w - a +1 cloak (worn)
Jewellery
 h - an uncursed ring of sustain attributes {unknown}
 o - a +4 ring of dexterity (right hand)
 y - an uncursed ring of positive energy {unknown}
 A - an amulet of magic regeneration (around neck)
 D - the ring of Hony Juwk (left hand) {rElec rC+ Str+2 Int-2}
   (You found it on level 4 of the Dungeon)

   [ring of protection from cold]

   It affects your strength (+2).
   It affects your intelligence (-2).
   It protects you from cold.
   It insulates you from electricity.
Wands
 u - a wand of digging (24/24)
Scrolls
 e - 3 scrolls of enchant armour
 g - 2 scrolls of enchant weapon
 l - 3 scrolls of blinking
 x - a scroll of amnesia
 E - a scroll of teleportation
Potions
 d - a potion of ambrosia {unknown}
 f - 2 potions of haste
 j - a potion of cure mutation
 m - 5 potions of heal wounds
 s - 3 potions of flight
 z - 2 potions of curing
 C - a potion of berserk rage {unknown}
 F - a potion of mutation {unknown}
 G - a potion of brilliance
 H - a potion of cancellation {unknown}
Books
 b - a book of Air

   Spells                             Type                      Level
   a - Shock                          Conjuration/Air              1
   b - Swiftness                      Charms/Air                   2
   c - Repel Missiles                 Charms/Air                   2
   d - Static Discharge               Conjuration/Air              3
   e - Lightning Bolt                 Conjuration/Air              5
 p - a book of Summonings

   Spells                             Type                      Level
   a - Recall                         Summoning/Translocation      3
   b - Aura of Abjuration             Summoning                    5
   c - Summon Demon                   Summoning                    5
   d - Summon Forest                  Summoning/Translocation      5
   e - Summon Mana Viper              Hexes/Summoning              5
   f - Shadow Creatures               Summoning                    6
 q - a book of Misfortune

   Spells                             Type                      Level
   a - Confusing Touch                Hexes                        2
   b - Confuse                        Hexes                        3
   c - Gell's Gravitas                Hexes/Translocation          3
   d - Petrify                        Transmutation/Earth          4
   e - Metabolic Englaciation         Hexes/Ice                    5
   f - Yara's Violent Unravelling     Hexes/Transmutation          5
 B - a book of Beasts

   Spells                             Type                      Level
   a - Summon Butterflies             Summoning                    1
   b - Call Canine Familiar           Summoning                    3
   c - Summon Ice Beast               Ice/Summoning                4
   d - Summon Mana Viper              Hexes/Summoning              5
   e - Summon Hydra                   Summoning                    7
Comestibles
 c - 3 bread rations
 i - 7 fruits
 n - 2 meat rations
 r - a slice of pizza
 t - 7 chunks of flesh


   Skills:
 - Level 2.4 Dodging
 - Level 2.4 Stealth
 + Level 9.6 Spellcasting
 + Level 8.0 Conjurations
 + Level 7.8 Air Magic
 + Level 7.0 Invocations


You had 16 spell levels left.
You knew the following spells:

 Your Spells              Type           Power        Failure   Level  Hunger
a - Repel Missiles        Chrm/Air       ####..       1%          2    None
s - Lightning Bolt        Conj/Air       #####.....   10%         5    ####...
x - Static Discharge      Conj/Air       #####...     1%          3    None
z - Shock                 Conj/Air       ####         1%          1    None


Dungeon Overview and Level Annotations

Branches:
Dungeon (7/15)             Temple (0/1) D:4

Altars:
Elyvilon
Kikubaaqudgha
Okawaru
Qazlal
Sif Muna
Vehumet
Xom

Shops:
D:5 ??:!?


Message History

Aiming: Lightning Bolt
Press: ? - help, Shift-Dir - straight line, f/p - orc warrior
Aim: an orc warrior, wielding an arbalest and wearing a scale mail (heavily wounded)
You hear a mighty clap of thunder!
The bolt of lightning hits the orc warrior.
The orc warrior is heavily wounded.
The orc warrior shoots a bolt.
The bolt hits you!
You take 7 damage, and have 20/45 hp.
You now have 5/24 mp.
Casting: Lightning Bolt
Confirm with . or Enter, or press ? or * to list all spells.
Aiming: Lightning Bolt
Press: ? - help, Shift-Dir - straight line, f/p - orc warrior
Aim: an orc warrior, wielding an arbalest and wearing a scale mail (heavily wounded)
You hear a mighty clap of thunder!
The bolt of lightning hits the orc warrior.
The orc warrior is almost dead.
You are feeling hungry.
The orc warrior shoots a bolt.
The bolt hits you!!
Ouch! That really hurt!
You die...

#......≈))
#......≈##
#......≈≈#.
#)......≈≈≈
#.(........
#..(...o...
#..........
#..).......
#(@).......
#∩.........
###########


You could see an orc warrior.

Vanquished Creatures
  Prince Ribbit (D:6)
  8 spriggans (D:5)
  A wyvern (D:7)
  4 orc warriors (Bailey)
  A sky beast (D:6)
  An ice beast (D:5)
  A phantom (D:6)
  2 ogres
  2 centaurs
  A giant frog (D:7)
  A wyvern zombie (D:7)
  A scorpion (D:5)
  A howler monkey (D:4)
  A crimson imp (D:5)
  The ghost of Charly the Chopper, a weakling VSGl (D:4)
  Crazy Yiuf (D:2)
  A hound (D:5)
  Jessica (D:2)
  2 worker ants
  An iguana (D:4)
  11 orc wizards
  A hound skeleton (D:4)
  A worker ant zombie (D:6)
  3 adders
  6 gnolls
  5 oozes
  An adder skeleton (D:4)
  3 worms
  4 dart slugs
  5 giant geckos
  23 orcs
  5 bats
  4 giant cockroaches
  8 goblins
  6 hobgoblins
  11 jackals
  3 quokkas
  2 ball pythons
  2 giant gecko skeletons
  A giant gecko zombie (D:5)
  8 giant newts
  5 kobolds
  A quokka zombie (D:5)
  6 rats
158 creatures vanquished.

Notes
Turn   | Place    | Note
--------------------------------------------------------------
     0 | D:1      | namelastname112 the Deep Elf Air Elementalist began the quest for the Orb.
     0 | D:1      | Reached XP level 1. HP: 10/10 MP: 6/6
   121 | D:1      | Reached XP level 2. HP: 6/15 MP: 0/8
   346 | D:1      | epen: бля
   347 | D:1      | epen: опоздал
   407 | D:1      | epen: давай ты об аддера сдохнешь
   415 | D:1      | epen: и начнёшь за визарда
   444 | D:1      | namelastname112: лол
   444 | D:1      | namelastname112: ну лан
   444 | D:1      | namelastname112: когда умру
   596 | D:1      | epen: погоди
   701 | D:1      | epen: почему у меня молнии не показывают?
   703 | D:1      | namelastname112: я анимации отрубил
   723 | D:1      | Learned a level 2 spell: Repel Missiles
   745 | D:2      | epen: ебать ты минималистичный
   747 | D:2      | Reached XP level 3. HP: 19/19 MP: 3/10
   820 | D:2      | namelastname112: очень мешает
   820 | D:2      | namelastname112: особенно знаешь
   820 | D:2      | namelastname112: когда ты идешь
   820 | D:2      | namelastname112: и в тебя три моба томагавками ретурна кидают
   829 | D:2      | Found an iron altar of Okawaru.
   875 | D:2      | Learned a level 3 spell: Static Discharge
  1236 | D:2      | Noticed Jessica
  1238 | D:2      | Killed Jessica
  1238 | D:2      | Reached skill level 4 in Spellcasting
  1238 | D:2      | Reached XP level 4. HP: 24/24 MP: 9/12
  1264 | D:2      | Noticed Crazy Yiuf
  1265 | D:2      | epen: о
  1266 | D:2      | epen: клок
  1272 | D:2      | Killed Crazy Yiuf
  1890 | D:3      | Reached XP level 5. HP: 28/28 MP: 8/13
  2117 | D:3      | Found a deep blue altar of Sif Muna.
  2131 | D:3      | Became a worshipper of Sif Muna the Loreminder
  2222 | D:3      | Reached skill level 5 in Spellcasting
  2453 | D:4      | Reached skill level 1 in Invocations
  2510 | D:4      | Found a shimmering altar of Xom.
  2510 | D:4      | Found an ancient bone altar of Kikubaaqudgha.
  2511 | D:4      | Reached XP level 6. HP: 32/32 MP: 13/15
  2704 | D:4      | namelastname112: игра хочет сделать меня суммонером
  2730 | D:4      | epen: бля
  2788 | D:4      | Noticed Charly's ghost (weakling VSGl)
  2790 | D:4      | epen: гидра форма сосёт
  2793 | D:4      | Killed Charly's ghost
  2794 | D:4      | epen: обидно
  2877 | D:4      | Got a glittering ivory ring
  2929 | D:4      | Identified the ring of Hony Juwk {rElec rC+ Str+2 Int-2} (You found it on level 4 of the Dungeon)
  3006 | D:4      | Found a staircase to the Ecumenical Temple.
  3493 | D:4      | Reached skill level 5 in Air Magic
  3493 | D:4      | Reached XP level 7. HP: 8/36 MP: 7/17
  3761 | D:5      | Entered Level 5 of the Dungeon
  3781 | D:5      | Reached * piety under Sif Muna
  3781 | D:5      | Reached skill level 6 in Spellcasting
  3804 | D:5      | Found Qegabune's Magic Scroll Shoppe.
  3951 | D:5      | Learned a level 5 spell: Lightning Bolt
  3970 | D:5      | Found Obyotinn's Book Shop.
  4007 | D:5      | Found Voozxonere's Magic Scroll Emporium.
  4039 | D:5      | Reached skill level 5 in Conjurations
  4054 | D:5      | Noticed a spriggan
  4054 | D:5      | namelastname112: блять
  4054 | D:5      | namelastname112: ну вот
  4054 | D:5      | namelastname112: что это такое
  4054 | D:5      | epen: https://www.youtube.com/watch?v=J4rwPoRITlI
  4054 | D:5      | epen: а
  4054 | D:5      | epen: это сприганы
  4054 | D:5      | namelastname112: спригганы на дЖ5
  4063 | D:5      | epen: у меня было такое
  4063 | D:5      | epen: лел
  4066 | D:5      | epen: подожги лес
  4070 | D:5      | epen: во
  4075 | D:5      | epen: лол
  4129 | D:5      | Killed a spriggan
  4174 | D:5      | epen: ебать ты дерзкий
  4211 | D:5      | Noticed a spriggan
  4215 | D:5      | Killed a spriggan
  4215 | D:5      | Reached XP level 8. HP: 39/41 MP: 9/20
  4216 | D:5      | epen: весь лес решил спалить?
  4295 | D:5      | epen: ща оттуда медведи выйдут
  4299 | D:5      | epen: и насуют тебе
  4301 | D:5      | Reached skill level 7 in Spellcasting
  4496 | D:5      | Reached ** piety under Sif Muna
  4719 | D:5      | Reached skill level 5 in Invocations
  4772 | D:5      | Reached skill level 8 in Spellcasting
  5084 | D:5      | Reached XP level 9. HP: 38/45 MP: 15/23
  5107 | D:5      | epen: д5 и 9 лвл
  5107 | D:5      | epen: норм же
  5271 | D:5      | Found Vaca's Magic Scroll Shoppe.
  5343 | D:5      | Found Qyuhuonist's Distillery.
  5441 | D:5      | Bought a potion of heal wounds for 60 gold pieces
  5441 | D:5      | Bought a potion of heal wounds for 60 gold pieces
  5441 | D:5      | Bought a potion of haste for 120 gold pieces
  5441 | D:5      | Bought a potion of heal wounds for 60 gold pieces
  5697 | D:5      | namelastname112: ебаные спригганы
  5697 | D:5      | namelastname112: мать ебал их
  5760 | D:6      | Noticed Prince Ribbit
  5763 | D:6      | Killed Prince Ribbit
  5763 | D:6      | Reached *** piety under Sif Muna
  5817 | D:6      | Found a stormy altar of Qazlal.
  6120 | D:6      | Found a white marble altar of Elyvilon.
  6196 | D:6      | Reached skill level 9 in Spellcasting
  6451 | D:7      | epen: надо в магаз сходить
  6491 | D:7      | Found a radiant altar of Vehumet.
  6510 | D:7      | namelastname112: надо в бейли сходить
  6533 | D:7      | Found a flagged portal.
  6538 | D:7      | epen: можно ли за всю игру стать чемпионом всех богов?
  6583 | Bailey   | Entered a bailey
  6584 | Bailey   | namelastname112: можно
  6584 | Bailey   | namelastname112: если ты ебанутый
  6585 | Bailey   | epen: и если ты орк
  6595 | Bailey   | epen: так?
  6611 | Bailey   | namelastname112: да
  6611 | Bailey   | namelastname112: блять
  6611 | Bailey   | namelastname112: выебут
  6611 | Bailey   | epen: беги
  6611 | Bailey   | epen: хули
  6614 | Bailey   | epen: нихуя себе
  6616 | Bailey   | epen: 6 хв
  6691 | Bailey   | Shot with a bolt by an orc warrior

Vault maps used:
D:1:      dpeg_arrival_stonehenge_8_columns, glass_columns_c
D:2:      okawaru_ov_weapons_minmay, uniq_crazy_yiuf_cottage, uniq_jessica
D:3:      led_sif_book
D:4:      gammafunk_temple_overflow_pools, temple_green, first_bread,
          minmay_misc_feat_diagonals, minmay_misc_feat_columns
D:5:      forest_paths, serial_shops, shop_coins, shop, nicolae_shop_crystal,
          shop, kennysheep_little_box
D:6:      nicolae_overflow_hidden_temple, grunt_qazlal_sundering,
          uniq_prince_ribbit1
D:7:      grunt_temple_overflow_cloverleaf, lemuel_doored_altar, enter_bailey_2,
          grunt_livestock
Bailey:   bailey_polearm_2, bailey

Skill      XL: |  1  2  3  4  5  6  7  8  9 |
---------------+----------------------------+-----
Conjurations   | 2 3 4 5 6 8 |  8.0
Spellcasting   | 4 5 6 8 9 |  9.6
Air Magic      | 4 5 6 7 |  7.8
Invocations    | 1 2 4 5 7 |  7.0
Dodging        | |  2.4
Stealth        | |  2.4

Action                   |  1- 3 |  4- 6 |  7- 9 || total
-------------------------+-------+-------+-------++-------
Melee: Quarterstaff      |       |     6 |    14 ||    20
 Cast: Shock             |    75 |   146 |   138 ||   359
       Repel Missiles    |     1 |       |     1 ||     2
       Static Discharge  |       |     4 |    44 ||    48
       Lightning Bolt    |       |       |    27 ||    27
Invok: Channel Energy    |       |       |    13 ||    13
  Use: Scroll            |       |       |    17 ||    17
       Potion            |       |       |     1 ||     1
  Eat: Chunk             |     1 |     7 |    13 ||    21
       Meat ration       |       |       |     1 ||     1
Armor: Robe              |     2 |     6 |    10 ||    18
Dodge: Dodged            |     4 |    26 |    38 ||    68
       Deflected         |       |     1 |     5 ||     6
